 Dungeon Sprint DCSS version 0.18-a0-993-g4a3b7c7 (webtiles) character file.

2 pipel the Vexing (level 1, -2/10 HPs)
             Began as a Deep Elf Enchanter on Jan 4, 2016.
             Was an Initiate of Sif Muna.
             Slain by a wasp (12 damage)
             ... in the Dungeon (Sprint VII: "The Pits").
             The game lasted 00:01:02 (80 turns).

pipel the Vexing (Deep Elf Enchanter)                 Turns: 80, Time: 00:01:02

Health: -2/10      AC:  3    Str:  5    XL:     1   Next: 25%
Magic:  5/6        EV: 13    Int: 19    God:    Sif Muna [......]
Gold:   0          SH:  0    Dex: 15    Spells: 1 memorised, 5 levels left

rFire  . . .     SeeInvis .     a - +2 dagger
rCold  . . .     Gourm    .     p - +1 robe
rNeg   . . .     Faith    .     (no shield)
rPois  .         Spirit   .     (no helmet)
rElec  .         Dismiss  .     (no cloak)
rCorr  .         Reflect  .     (no gloves)
SustAt .         Harm     .     (no boots)
MR     .....     NoTele   +     (no amulet)
Stlth  +++.......               (no ring)
                                (no ring)

@: not resistant to hostile enchantments, fairly stealthy
A: no striking features
a: Renounce Religion


You were in the Dungeon.
You worshipped Sif Muna.
Sif Muna was noncommittal.
You were not hungry.

You visited 1 branch

Inventory:

Hand Weapons
 a - a +2 dagger (weapon)
 k - a +1 dagger
Missiles
 o - 10 stones (quivered)
Armour
 p - a +1 robe (worn)
Magical Staves
 b - an uncursed staff of energy
Scrolls
 j - a scroll of blinking
 q - 3 scrolls of remove curse
 r - 5 scrolls of amnesia
 s - a scroll of summoning
 t - 2 scrolls of vulnerability
Potions
 e - a potion of curing
 f - a potion of heal wounds
 g - a potion of haste
 h - 4 potions of magic
 i - 3 potions of berserk rage
 n - 2 potions of invisibility
Books
 c - a book of Maledictions

   Spells                             Type                      Level
   a - Corona                         Hexes                        1
   b - Ensorcelled Hibernation        Hexes/Ice                    2
   c - Confuse                        Hexes                        3
   d - Tukima's Dance                 Hexes                        3
   e - Dazzling Spray                 Conjuration/Hexes            3
Comestibles
 d - 8 bread rations
 l - 40 fruits
 m - 7 meat rations


   Skills:
 + Level 1.0 Short Blades
 + Level 2.4 Dodging
 + Level 4.1 Stealth
 + Level 3.0 Spellcasting
 + Level 4.8 Hexes


You had 5 spell levels left.
You knew the following spells:

 Your Spells              Type           Power        Failure   Level  Hunger
a - Corona                Hex            ###....      1%          1    None


Dungeon Overview and Level Annotations

Branches:
Dungeon (1/1)

Altars:
Ashenzari
Cheibriados
Dithmenos
Elyvilon
Fedhas
Kikubaaqudgha
Makhleb
Nemelex Xobeh
Okawaru
Pakellas
Ru
Sif Muna
Trog
Vehumet
Xom
Yredelemnul
Zin
The Shining One
Beogh
Jiyva
Lugonu


Message History

Sif Muna welcomes you!
There is a sacrificial altar of Ru here.
There is an open door to the Temple (Safe) here.
There is an open door here.
Things that are here:
a whip; 2 tomahawks; an orc corpse
There is an open door to the Storerooms (Easy) here.
You open the huge gate.
There is a huge open gate leading to the Armoury (Hard) here.
A wasp comes into view.
There is a huge open gate here.
A mottled dragon comes into view.
Casting: Corona
Confirm with . or Enter, or press ? or * to list all spells.
Aiming: Corona
Press: ? - help, Shift-Dir - straight line, f - wasp
Aim: a wasp (chance to defeat MR: 60%)
The wasp is outlined in light.
The wasp stings you!
Ouch! That really hurt!
You die...

######++##########
.............##..#
...#..#......##..#
.............''..#
.............''.@#########
...#..#......##..y..D.....
.............##...........
'#####++##################
....# ....# ....# <...#
....#


You could see a mottled dragon and a wasp.

Vanquished Creatures
  An orc (D)
1 creature vanquished.

Notes
Turn   | Place    | Note
--------------------------------------------------------------
     0 | D        | pipel the Deep Elf Enchanter began the quest for the Orb.
     0 | D        | Reached XP level 1. HP: 10/10 MP: 6/6
    39 | D        | Found a sacrificial altar of Ru.
    39 | D        | Found a shadowy altar of Dithmenos.
    39 | D        | Found a bloodstained altar of Trog.
    39 | D        | Found a deep blue altar of Sif Muna.
    39 | D        | Found a shimmering altar of Xom.
    39 | D        | Found a sparkling altar of Nemelex Xobeh.
    39 | D        | Found a corrupted altar of Lugonu.
    39 | D        | Found a viscous altar of Jiyva.
    40 | D        | Found a basalt altar of Yredelemnul.
    40 | D        | Found a glowing golden altar of the Shining One.
    40 | D        | Found a shattered altar of Ashenzari.
    40 | D        | Found a white marble altar of Elyvilon.
    40 | D        | Found a snail-covered altar of Cheibriados.
    40 | D        | Found a blossoming altar of Fedhas.
    40 | D        | Found a radiant altar of Vehumet.
    40 | D        | Found a burning altar of Makhleb.
    40 | D        | Found an ancient bone altar of Kikubaaqudgha.
    40 | D        | Found a glowing silver altar of Zin.
    40 | D        | Found a roughly hewn altar of Beogh.
    40 | D        | Found an iron altar of Okawaru.
    41 | D        | Found an oddly glowing altar of Pakellas.
    43 | D        | Became a worshipper of Sif Muna the Loreminder
    72 | D        | Noticed a wasp
    75 | D        | Noticed a mottled dragon
    80 | D        | Slain by a wasp

Vault maps used:
D:        pitsprint

Action                   || total
-------------------------++-------
Melee: Dagger            ||     1
 Cast: Corona            ||     1
 Stab: Sleeping          ||     1
